 Dungeon Crawl Stone Soup version 0.30-a0-715-gdb4ae3ece1 (webtiles) character file.

Game seed: 6481728195534373256

4094 Fenrisus the Blocker (level 10, -1/81 HPs)
             Began as a Minotaur Fighter on Jan 24, 2023.
             Was a Believer of Hepliaklqana.
             Slain by an orc warrior
             ... wielding a +0 flail
              (10 damage)
             ... on level 9 of the Dungeon.
             The game lasted 00:25:26 (8424 turns).

Fenrisus the Blocker (Minotaur Fighter)             Turns: 8424, Time: 00:25:26

Health: -1/81      AC: 16    Str: 24    XL:     10   Next: 5%
Magic:  9/9        EV:  7    Int:  5    God:    Hepliaklqana [**....]
Gold:   392        SH:  6    Dex: 11    Spells: 9/9 levels left

rFire   . . .      SeeInvis .    k - +4 falchion (heavy)
rCold   . . .      Faith    +    c - +0 buckler
rNeg    . . .      Spirit   .    f - +0 plate armour
rPois   +          Reflect  .    l - +2 hat
rElec   .          Harm     .    (no cloak)
rCorr   .          Rampage  .    (no gloves)
Will    .....                    (no boots) Stlth
                                 b - amulet of faith
HPRegen 0.33/turn                o - ring of poison resistance
MPRegen 0.11/turn                (no ring)

@: no status effects
A: reduced essence, horns 2, retaliatory headbutt
a: Renounce Religion, Recall Ancestor, Ancestor Identity


You were on level 9 of the Dungeon.
You worshipped Hepliaklqana.
Hepliaklqana was pleased with you.
You visited 2 branches of the dungeon, and saw 10 of its levels.

You collected 392 gold pieces.

Inventory:

Hand Weapons
 a - a +0 war axe
 k - a +4 heavy falchion (weapon)
Armour
 c - a +0 buckler (worn)
 e - the +0 robe of Blue Miracles {Rampage Stlth+}
   (You found it on level 2 of the Dungeon)

   Rampage:   It bestows one free step when moving towards enemies.
   Stlth:     It makes you more stealthy.
 f - a +0 plate armour (worn)
 i - a +3 ring mail
 l - a +2 hat (worn)
Jewellery
 b - an amulet of faith (around neck)
 o - a ring of poison resistance (left hand)
 s - a ring of wizardry
Wands
 x - a wand of polymorph (8)
 B - a wand of mindburst (12)
Potions
 d - 2 potions of cancellation
 g - a potion of attraction {unknown}
 h - a potion of invisibility
 j - a potion of resistance {unknown}
 n - a potion of mutation {unknown}
 p - 2 potions of lignification
 q - 2 potions of magic
 r - a potion of brilliance
 v - a potion of berserk rage {unknown}
 w - 2 potions of degeneration {unknown}


   Skills:
 + Level 9.5 Fighting
 + Level 5.2 Long Blades
 - Level 7.1 Axes
 + Level 9.4 Armour
 + Level 9.5 Shields


You had 9 spell levels left.
You didn't know any spells.
Your spell library contained the following spells:

 Spells                   Type           Power      Damage    Failure   Level
 Sandblast                Erth           0%         2d4       100%        1
 Passwall                 Tmut/Erth      0%         N/A       100%        2
 Stone Arrow              Conj/Erth      0%         3d7       100%        3


Dungeon Overview and Level Annotations

Branches:
Dungeon (9/15)             Temple (1/1) D:4
   Lair: D:8-11         Orc: D:9-12

Altars:
Ashenzari
Cheibriados
Dithmenos
Elyvilon
Fedhas
Gozag
Hepliaklqana
Kikubaaqudgha
Makhleb
Nemelex Xobeh
Okawaru
Qazlal
Ru
Sif Muna
Trog
Uskayaw
Vehumet
Xom
Yredelemnul
Zin
The Shining One

Shops:
D:9 *


Innate Abilities, Weirdness & Mutations

Your life essence is reduced to manifest your ancestor. (-10% HP)
You have a pair of horns on your head.
You reflexively headbutt those who attack you in melee.


Message History

You feel yourself slow down.
The orc priest invokes the aid of Beogh against you.
You struggle to resist.
Found a leather armour.
Aiming: Polymorph
Press: ? - help, Q - select action, (/) - cycle Shift-Dir - straight line, f/p - orc warrior
Aim: an orc warrior, wielding a +0 flail and wearing a +0 chain mail (heavily wounded, unable to see you, will become a wolf, a water moccasin, or a howler monkey, chance to affect: 49%)
The orc warrior resists with some effort.
You flicker back into view.
Aiming: Mindburst
Press: ? - help, Q - select action, (/) - cycle Shift-Dir - straight line, f/p - orc warrior
Aim: an orc warrior, wielding a +0 flail and wearing a +0 chain mail (heavily wounded, chance to affect: 64%)
The orc warrior struggles to resist.
Aiming: Mindburst
Press: ? - help, Q - select action, (/) - cycle Shift-Dir - straight line, f/p - orc warrior
Aim: an orc warrior, wielding a +0 flail and wearing a +0 chain mail (heavily wounded, chance to affect: 64%)
The orc warrior struggles to resist.
You slash the orc priest!
The orc priest is heavily wounded.
The orc priest hits you but does no damage.
You hit the orc priest. Your headbutt misses the orc priest.
The orc priest is severely wounded.
The orc priest closely misses you.
The orc priest hits you but does no damage.
The orc hits you with a +0 flail.
The orc warrior hits you with a +0 flail.
You slash the orc warrior!
The orc warrior is almost dead.
The orc priest hits you but does no damage.
The orc hits you but does no damage.
The orc warrior hits you with a +0 flail!
* * * LOW HITPOINT WARNING * * *
You closely miss the orc warrior.
The orc warrior is almost dead.
The orc priest hits you but does no damage.
The orc hits you but does no damage.
The orc warrior hits you with a +0 flail!
* * * LOW HITPOINT WARNING * * *
The orc warrior hits you with a +0 flail!
You die...

.....##..##......#
#..............##
#..................
#.......)..##......
#..........# ......
#...$......# ......
#..........# .....
#.....o....# .....
#....@o....#
#.....o....#
#.....)....#
#..........#
#.###......# ...#
#..#...# ....#
#./#...# ####.#
#..#..$. #.
#..#.[...


You could see an orc warrior, an orc priest and an orc.

Vanquished Creatures
  A hornet (D:6)
  A steam dragon (D:7)
  Menkaure (D:6)
  2 acid dragons
  2 water moccasins
  2 black bears
  2 bullfrogs
  A necrophage (D:5)
  3 scorpions
  6 wights
  3 killer bees (D:6)
  A howler monkey (D:8)
  2 jellies
  2 hounds
  2 orc priests
  2 iguanas
  Terence (D:2)
  Natasha (thrice) (D:2)
  4 orc wizards
  4 gnolls
  11 adders
  2 ufetubi
  A worm (D:3)
  A dart slug (D:2)
  15 orcs
  5 ball pythons
  5 endoplasms
  5 giant cockroaches
  8 goblins
  A hobgoblin (D:1)
  8 jackals
  4 kobolds
  5 quokkas
  5 bats
  2 frilled lizards
  7 rats
130 creatures vanquished.

Vanquished Creatures (collateral kills)
  A kobold demonologist (D:8)
  A steam dragon (D:8)
  2 sky beasts
  2 ice beasts
  2 kobold brigands (D:8)
  5 wights (D:8)
  A killer bee (D:6)
  3 electric eels (D:8)
  A hound (D:6)
  2 orc priests (D:8)
  A gnoll bouda (D:6)
  2 orc wizards
  A gnoll (D:6)
  4 orcs
  2 kobolds (D:8)
30 creatures vanquished.

Vanquished Creatures (others)
  A wizard (D:4)
  3 battlemagi
  An ancestor (D:6)
  2 orcs (D:8)
  15 plants (D:8)
22 creatures vanquished.

Grand Total: 182 creatures vanquished

Notes
Turn   | Place    | Note
-------+----------+-------------------------------------------
     0 | D:1      | Fenrisus the Minotaur Fighter began the quest for the Orb.
     0 | D:1      | Reached XP level 1. HP: 19/19 MP: 0/0
    53 | D:1      | Reached XP level 2. HP: 22/27 MP: 1/1
   382 | D:1      | Reached XP level 3. HP: 33/33 MP: 2/2
   770 | D:2      | Noticed Natasha
   785 | D:2      | Killed Natasha
   786 | D:2      | Reached XP level 4. HP: 29/41 MP: 3/3
   947 | D:2      | Noticed Terence
   963 | D:2      | Killed Terence
  1029 | D:2      | Identified the +0 robe of Blue Miracles {Rampage Stlth+}
  1089 | D:2      | Noticed Natasha
  1093 | D:2      | Killed Natasha
  1100 | D:2      | Reached XP level 5. HP: 47/47 MP: 4/4
  1148 | D:2      | Noticed Natasha
  1155 | D:2      | Killed Natasha
  1469 | D:3      | Found a faded altar of an unknown god.
  1648 | D:3      | Reached skill level 5 in Shields
  1688 | D:3      | Reached skill level 5 in Fighting
  1688 | D:3      | Reached skill level 5 in Armour
  1695 | D:3      | Reached XP level 6. HP: 56/56 MP: 5/5
  1994 | D:4      | Found a staircase to the Ecumenical Temple.
  1999 | D:4      | Found a bloodstained altar of Trog.
  2001 | D:4      | Noticed a wizard
  2006 | D:4      | Killed a wizard
  2351 | Temple   | Entered the Ecumenical Temple
  2364 | Temple   | Became a worshipper of Hepliaklqana the Forgotten
  2864 | D:4      | Found a faded altar of an unknown god.
  2864 | D:4      | Found a shimmering blue altar of Sif Muna.
  2872 | D:4      | Found a faded altar of an unknown god.
  2888 | D:4      | Found a stormy altar of Qazlal.
  2890 | D:4      | Found a sacrificial altar of Ru.
  2968 | D:4      | Reached skill level 5 in Axes
  2968 | D:4      | Reached XP level 7. HP: 60/62 MP: 6/6
  2972 | D:4      | Found an ancient bone altar of Kikubaaqudgha.
  3222 | D:5      | Entered Level 5 of the Dungeon
  3564 | D:5      | Reached * piety under Hepliaklqana
  3704 | D:5      | Found a broken altar of Ashenzari.
  4007 | D:7      | Noticed Menkaure
  4040 | D:6      | Killed Menkaure
  4041 | D:6      | Reached XP level 8. HP: 63/63 MP: 7/7
  4150 | D:6      | Noticed a hornet
  4158 | D:6      | Killed a hornet
  5558 | D:7      | Reached skill level 1 in Long Blades
  5708 | D:7      | Reached XP level 9. HP: 64/72 MP: 8/8
  6590 | D:8      | Reached ** piety under Hepliaklqana
  6727 | D:7      | Remembered your ancestor Ishtar-belessa as a battlemage
  6792 | D:8      | Noticed a kobold demonologist
  6794 | D:8      | Noticed a rust devil
  6800 | D:8      | Killed a kobold demonologist
  7637 | D:8      | Reached skill level 5 in Long Blades
  7640 | D:8      | Reached XP level 10. HP: 75/81 MP: 9/9
  8112 | D:9      | Noticed a two-headed ogre
  8114 | D:9      | a two-headed ogre changed into a broodmother
  8114 | D:9      | Noticed a broodmother
  8369 | D:9      | Noticed an orb spider
  8397 | D:9      | Found Qossa's Lightly-Used Armoury.
  8424 | D:9      | Slain by an orc warrior

Illustrated notes

Levels and vault maps discovered:
D:1:      minmay_arrival_semitransparent, layout_rooms, glass_columns_a,
          nicolae_concentric_dashed_squares_wild
D:2:      layout_basic, corexii_shack, uniq_natasha, uniq_terence
D:3:      cheibrodos_pilgrimage, layout_basic,
          dreamdust_ecumenical_altar_angels_and_demons, serial_corexii_hall,
          corexii_hall_statues_i, chequers_hall_statues_wall_a
D:4:      layout_loops_ring, trog_wizard, chequers_temple_overflow_minitemple,
          nicolae_overflow_crystal_walls, temple_statues, minmay_distorted
D:5:      layout_basic, evilmike_ruin_ashenzari, minivault_5
D:6:      layout_loops_ring, kennysheep_generic_room_8
D:7:      layout_cave_pools, uniq_menkaure
D:8:      layout_basic, hangedman_abyss_or_decor_clamps, serial_bayou_ford_a
D:9:      layout_long_grid, minmay_shop_damaged, uniq_maggie
Temple:   hellmonk_temple_two_chambers

Skill      XL: |  1  2  3  4  5  6  7  8  9 |
---------------+----------------------------+-----
Shields        | 4 5 6 8 9 |  9.5
Fighting       | 4 5 6 8 9 |  9.5
Armour         | 4 5 6 7 9 |  9.4
Axes           | 3 4 5 6 7 |  7.1
Long Blades    | 1 5 |  5.2

Action                     |  1- 3 |  4- 6 |  7- 9 | 10-12 || total
---------------------------+-------+-------+-------+-------++-------
  Melee: War axe           |    65 |   103 |    94 |       ||   262
         Headbutt          |     6 |    12 |    28 |     3 ||    49
         Falchion          |       |       |    83 |    10 ||    93
 Invoke: Ancestor Life: Ba |       |       |     1 |       ||     1
  Evoke: Wand              |       |       |    12 |    19 ||    31
    Use: Scroll            |       |     7 |    10 |     4 ||    21
         Potion            |       |     1 |     6 |     3 ||    10
   Stab: Paralysed         |       |       |     4 |       ||     4
         Distracted        |       |       |     1 |       ||     1
 Armour: Scale mail        |    33 |       |       |       ||    33
         Ring mail         |     4 |    51 |    90 |       ||   145
         Plate armour      |       |       |    23 |     9 ||    32
  Dodge: Dodged            |    35 |    47 |   114 |     5 ||   201
  Block: Buckler           |    31 |    22 |    54 |     3 ||   110

Table legend: (Time is in decaauts)
 A = Elapsed time spent in this place.
 B = Non-inter-level travel time spent in this place.
 C = Inter-level travel time spent in this place.
 D = Time resting spent in this place.
 E = Time spent auto-exploring this place.
 F = Levels seen in this place.
 G = Mean time per level.
                   A        B        C        D        E       F      G
               +--------+--------+--------+--------+--------+-----+--------+
         Total |   8521 |   6481 |   2040 |   2284 |   3038 |  10 |  852.1 |
       Dungeon |   8501 |   6478 |   2023 |   2284 |   3038 |   9 |  944.6 |
        Temple |     19 |      2 |     17 |      0 |      0 |   1 |   19.0 |
               +--------+--------+--------+--------+--------+-----+--------+

Top non-repeatable levels by time:
     D:8: 1628 daAuts
     D:6: 1584 daAuts
     D:4: 1225 daAuts
     D:7: 1204 daAuts
     D:2: 813 daAuts
     D:5: 736 daAuts
     D:3: 654 daAuts
     D:1: 588 daAuts
     D:9: 65 daAuts
  Temple: 19 daAuts
